 Dungeon Crawl Stone Soup version 0.31.0-11-ge490571c62 (webtiles) character file.

Game seed: 15011916271410986903

242 mopl the Ruffian (level 6, -5/31 HPs)
             Began as a Djinni Shapeshifter on Feb 10, 2024.
             Slain by an ice beast (18 damage)
             ... on level 4 of the Dungeon.
             The game lasted 00:02:20 (2199 turns).

mopl the Ruffian (Djinni Shapeshifter)              Turns: 2199, Time: 00:02:20

Health: -5/31      AC:  0    Str: 15    XL:     6   Next: 31%
Gold:   175        EV: 16    Int: 12    God:
                   SH:  0    Dex: 12

rFire   + +          .
                       - Unarmed
rCold   x . .        (shield currently unavailable)
rNeg    . . .        l - melded +0 ring mail
rPois   ∞            (no helmet)
rElec   .            (no cloak)
rCorr   .            (no gloves)
SInv    .            (boots unavailable)
Will    .....        w - amulet of regeneration
Stlth   +            a - ring of wizardry
HPRegen 1.05/turn    (no ring)
MPRegen 0.00/turn

%: wizardry (x1), infuse magic (-6 HP)
@: flux-form, flying, glowing
A: glow, contaminating, flying, reduced hp, sickness immunity, fire resistance
2, cold vulnerability 1, float, innate caster, HP casting, extra vitality 1
a: Begin Untransformation


You were on level 4 of the Dungeon.
You were something dangerously unstable.
You visited 1 branch of the dungeon, and saw 4 of its levels.

You collected 175 gold pieces.

Inventory:

Hand Weapons
 b - a +2 dagger of venom
Missiles
 k - 5 curare-tipped darts (quivered)
 p - 3 datura-tipped darts
 s - 3 poisoned darts
 y - 6 atropa-tipped darts
Armour
 l - a +0 ring mail (melded)
Jewellery
 a - a ring of wizardry (left hand)
 o - an amulet of the acrobat
 w - an amulet of regeneration (around neck)
Talismans
 c - a beast talisman
 d - a flux talisman (active)
Scrolls
 e - 3 scrolls of enchant weapon
 f - 3 scrolls of teleportation
 i - a scroll of vulnerability {unknown}
 m - a scroll of identify {unknown}
 n - a scroll of torment {unknown}
 q - a scroll of poison {unknown}
 r - 2 scrolls of revelation {unknown}
 t - a scroll of silence {unknown}
 v - 2 scrolls of butterflies {unknown}
 z - a scroll of blinking {unknown}
 A - a scroll of fear {unknown}
Potions
 g - a potion of lignification
 h - 2 potions of mutation {unknown}
 j - a potion of heal wounds {unknown}
 u - a potion of invisibility {unknown}
 x - 2 potions of curing {unknown}


   Skills:
 + Level 2.6 Fighting
 - Level 2.1 Dodging
 * Level 4.7 Unarmed Combat
 * Level 4.1 Shapeshifting


You knew the following spells:

 Your Spells              Type           Power      Damage    Failure   Level
a - Freeze                Ice            0%         1d3       13%         1
b - Jinxbite              Hex            0%         N/A       21%         2
Your spell library was empty.

Dungeon Overview and Level Annotations

Branches:
Dungeon (4/15)
 Temple: D:4-7

Altars:
Makhleb


Innate Abilities, Weirdness & Mutations

You are something dangerously unstable.
You glow with magical radiation, making you easy to see and hit.
Foes you strike become dangerously contaminated with magical radiation.
You are flying.
Your maximum health is decreased, since you lack skill for your form.
You are incapable of wielding weapons or throwing items.
You are immune to sickness and miasma.
You are immune to poison.
Your flesh is very heat resistant. (rF++)
You are vulnerable to cold. (rC-)
You float through the air rather than walking.
You learn spells naturally, not from books.
Your magical power is your life essence.
You have superior vitality. (+4 MHP)


Message History

You are too injured to fight recklessly!
You puncture the sky beast!
The sky beast is heavily wounded.
The sky beast closely misses you.
You puncture the sky beast!
The sky beast is poisoned.
The sky beast is almost dead.
The sky beast hits you. The sky beast shocks you.
You miss the sky beast.
The sky beast is almost dead.
The sky beast hits you but does no damage.
You hit the sky beast but do no damage.
The sky beast looks as sick as possible!
The sky beast is almost dead.
The sky beast flickers out of sight!
Deactivating autopickup; reactivate with Ctrl-A.
Something hits you but does no damage.
You barely miss something.
Reactivating autopickup.
You feel a bit more experienced.
Your Shapeshifting skill increases to level 4!
You have reached level 6!
You start resting.
HP restored.
Your +2 dagger of venom stops dripping with poison.
You are now empty-handed.
You begin transforming.
You continue transforming. x3
Your transformation has ended.
You turn into something dangerously unstable.
Your +0 ring mail melds into your body.
Unknown command.
You fly downwards.
The ice beast hits you. The ice beast freezes you!
You feel a terrible chill!
Ouch! That really hurt!
There is a stone staircase leading up here.
You are too injured to fight recklessly!
You are too injured to fight recklessly!
You barely miss the ice beast. The ice beast hits you.
The ice beast freezes you!!
You feel a terrible chill!
Ouch! That really hurt!
You die...

. .# .. .##.
.....
...######....#.
$.....Yp.......
....#..).......
. #..........
............
.............
...............
.....##......#.
.#... #.....##


You could see an ice beast.

Vanquished Creatures
  A sky beast (D:3)
  A phantom (D:3)
  An adder (D:3)
  2 dart slugs
  9 orcs (D:3)
  2 bats (D:2)
  5 endoplasms
  5 giant cockroaches
  A goblin (D:1)
  7 hobgoblins
  4 quokkas
  4 ball pythons
  6 frilled lizards
  2 kobolds
  3 rats
53 creatures vanquished.

Notes
Turn   | Place    | Note
-------+----------+-------------------------------------------
     0 | D:1      | mopl the Djinni Shapeshifter began the quest for the Orb.
     0 | D:1      | Reached XP level 1. HP: 17/17 MP: 0/0
   131 | D:1      | Reached XP level 2. HP: 22/22 MP: 0/0
   744 | D:2      | Reached XP level 3. HP: 27/27 MP: 0/0
   744 | D:2      | Learned a level 1 spell: Freeze
   814 | D:2      | Found a burning altar of Makhleb.
  1641 | D:3      | Reached XP level 4. HP: 33/33 MP: 0/0
  2085 | D:4      | Noticed a phantom
  2127 | D:3      | Killed a phantom
  2128 | D:3      | Reached XP level 5. HP: 16/38 MP: 0/0
  2128 | D:3      | Learned a level 2 spell: Jinxbite
  2152 | D:4      | Noticed a sky beast
  2152 | D:4      | Noticed an ice beast
  2164 | D:3      | Killed a sky beast
  2165 | D:3      | Reached XP level 6. HP: 18/45 MP: 0/0
  2199 | D:4      | Slain by an ice beast

Illustrated notes

Levels and vault maps discovered:
D:1:      tarquinn_simple_flora_water_a, layout_loops_ring,
          chequers_decorated_corner, minmay_worlds_worst_comb
D:2:      kennysheep_six_static_rooms, layout_basic, basic_altar
D:3:      layout_loops_ring, kennysheep_cluttered_room
D:4:      layout_cave_pools, minivault_11

Skill      XL: |  1  2  3  4  5 |
---------------+----------------+-----
Shapeshifting  | 3 4 |  4.1
Fighting       | 2 |  2.6
Unarmed Combat | 4 |  4.7
Dodging        | |  2.1

Action                     |  1- 3 |  4- 6 || total
---------------------------+-------+-------++-------
  Melee: Unarmed           |     7 |    16 ||    23
         Dagger            |    83 |    45 ||   128
         Punch             |     1 |     3 ||     4
    Use: Scroll            |     2 |       ||     2
   Stab: Sleeping          |     2 |       ||     2
 Armour: Animal skin       |    12 |       ||    12
         Ring mail         |    23 |    52 ||    75
         Skin              |       |     2 ||     2
  Dodge: Dodged            |    41 |    28 ||    69
   Form: Flux              |       |     1 ||     1
